 Dungeon Crawl Stone Soup version 0.17-a0-1954-g0dddeaa (webtiles) character file.

655 kosy22 the Covered (level 7, -3/61 HPs)
             Began as a Minotaur Fighter on Oct 4, 2015.
             Slain by an orc warrior
             ... wielding a +0 trident
              (10 damage)
             ... on level 5 of the Dungeon.
             The game lasted 00:07:52 (3589 turns).

kosy22 the Covered (Minotaur Fighter)               Turns: 3589, Time: 00:07:53

Health: -3/61      AC: 11    Str: 21    XL:     7   Next: 29%
Magic:  6/6        EV:  8    Int:  5    God:
Gold:   303        SH: 10    Dex: 11    Spells: 0 memorised, 6 levels left

rFire  . . .     SeeInvis +     B - +0 war axe
rCold  . . .     Clarity  .     k - +0 chain mail
rNeg   . . .     SustAt   .     c - +0 shield
rPois  .         Gourm    .     (helmet restricted)
rElec  .         Spirit   .     (no cloak)
rCorr  .         Warding  .     y - +0 pair of gloves
rMut   .         Stasis   .     (no boots)
MR     .....                    (no amulet)
Stlth  ..........               m - ring of see invisible
                                n - +1 ring of evasion

@: not resistant to hostile enchantments, extremely unstealthy
A: retaliatory headbutt, horns 2
a: no special abilities


You were on level 5 of the Dungeon.
You were not hungry.

You visited 1 branch of the dungeon, and saw 5 of its levels.

You collected 303 gold pieces.

Inventory:

Hand weapons
 a - a +0 long sword
 f - a +0 hand axe
 B - a +0 war axe (weapon)
Missiles
 h - 8 tomahawks (quivered)
Armour
 b - a +0 scale mail
 c - a +0 shield (worn)
 k - a +0 chain mail (worn)
 y - a +0 pair of gloves (worn)
Magical staves
 D - an uncursed staff of wizardry
Jewellery
 m - a ring of see invisible (right hand)
 n - a +1 ring of evasion (left hand)
 t - an uncursed ring of protection from cold
 x - an uncursed ring of wizardry
Scrolls
 j - a scroll of fog
 p - a scroll of teleportation
 q - a scroll of recharging {unknown}
 s - a scroll of blinking
 E - a scroll of identify
Potions
 d - 4 potions of might
 g - 3 potions of mutation {unknown}
 i - 2 potions of curing {unknown}
 o - a potion of cure mutation {unknown}
 r - a potion of degeneration {unknown}
 v - a potion of heal wounds {unknown}
 w - a potion of brilliance {unknown}
 z - 3 potions of berserk rage {unknown}
 A - a potion of magic {unknown}
 C - a potion of flight {unknown}
Books
 F - a book of Flames

   Spells                             Type                      Level
   a - Flame Tongue                   Conjuration/Fire             1
   b - Throw Flame                    Conjuration/Fire             2
   c - Conjure Flame                  Conjuration/Fire             3
   d - Inner Flame                    Hexes/Fire                   3
   e - Sticky Flame                   Conjuration/Fire             4
   f - Fireball                       Conjuration/Fire             5
Comestibles
 e - 3 bread rations
 l - 2 beef jerkies
 u - 3 fruits


   Skills:
 + Level 5.0 Fighting
 + Level 2.5 Long Blades
 + Level 3.5 Axes
 + Level 0.6 Throwing
 + Level 6.2 Armour
 + Level 2.8 Dodging
 + Level 6.1 Shields


You had 6 spell levels left.
You didn't know any spells.

Dungeon Overview and Level Annotations

Branches:
Dungeon (5/15)
 Temple: D:4-7

Altars:
Cheibriados
Qazlal
Sif Muna
The Shining One


Innate Abilities, Weirdness & Mutations

You reflexively headbutt those who attack you in melee.
You have a pair of horns on your head.


Message History

You closely miss the crimson imp.
The crimson imp is moderately wounded.
The crimson imp hits you but does no damage.
You block the orc warrior's attack.
You closely miss the crimson imp.
You headbutt the crimson imp, but do no damage.
The crimson imp is moderately wounded.
The crimson imp grins evilly.
You block the crimson imp's attack.
The orc warrior hits you from afar with a glaive!
You slash the crimson imp!
You kill the crimson imp!
You block the orc warrior's attack. You block the orc warrior's attack.
You see here a scroll labeled PUELAD JODOILA.
You barely miss the orc warrior. Your headbutt misses the orc warrior.
The orc warrior hits you with a glaive!
* * * LOW HITPOINT WARNING * * *
The orc warrior hits you from afar with a trident!
You die...

#.#
#.####..###..###.##
#.#
#............###.##
#.#
##....#)#..........
####.#
#...##.##........#
.....#
#...#.).#...#.....
.#####
#..#######..#.#.##
.##
#..#[....#.##.#.##
..##########
#..#.....'..#.#...
#..........#
#@#########.#.####
..########.# #o#
#.#.#### ### #.#
##so #.....## #.#
#..#. #..##.## #.#
#..#########.......
#.#
#...#.....'..###.#.
#.# #...#.....#.##
#.#. #.#
##..#######.# #.#.
##########.#
##...#...#..####.#.


You could see 2 orc warriors and a scorpion.

Vanquished Creatures
  A water moccasin (D:5)
  2 ogres (D:4)
  A centaur zombie (D:5)
  2 crimson imps (D:5)
  An orc priest (D:4)
  3 hounds
  An orc wizard (D:5)
  A worker ant (D:5)
  4 adders
  An adder skeleton (D:5)
  2 worms
  4 giant geckos
  6 bats
  3 giant cockroaches
  6 goblins
  11 hobgoblins
  10 jackals
  A ball python (D:4)
  A ball python skeleton (D:5)
  7 giant newts
  7 kobolds
  A quokka zombie (D:5)
  6 rats
82 creatures vanquished.

Notes
Turn   | Place    | Note
--------------------------------------------------------------
     0 | D:1      | kosy22 the Minotaur Fighter began the quest for the Orb.
     0 | D:1      | Reached XP level 1. HP: 19/19 MP: 0/0
    88 | D:1      | Reached XP level 2. HP: 18/27 MP: 1/1
   157 | D:1      | Reached skill level 4 in Shields
   724 | D:2      | Reached XP level 3. HP: 33/33 MP: 2/2
   873 | D:2      | Reached skill level 1 in Axes
  1087 | D:2      | Reached skill level 1 in Dodging
  1087 | D:2      | Reached XP level 4. HP: 32/40 MP: 3/3
  1511 | D:2      | Found a deep blue altar of Sif Muna.
  2149 | D:4      | Found a stormy altar of Qazlal.
  2213 | D:4      | Found a snail-covered altar of Cheibriados.
  2379 | D:4      | Noticed an ogre
  2387 | D:4      | Killed an ogre
  2387 | D:4      | Reached skill level 5 in Armour
  2387 | D:4      | Reached skill level 5 in Shields
  2387 | D:4      | Reached XP level 5. HP: 26/46 MP: 4/4
  2610 | D:4      | Found a glowing golden altar of the Shining One.
  2617 | D:4      | Noticed an ogre
  2627 | D:4      | Killed an ogre
  2627 | D:4      | Reached XP level 6. HP: 51/53 MP: 5/5
  2959 | D:5      | Entered Level 5 of the Dungeon
  3226 | D:5      | Noticed a water moccasin
  3230 | D:5      | Killed a water moccasin
  3343 | D:5      | Reached XP level 7. HP: 56/60 MP: 6/6
  3392 | D:5      | Reached skill level 6 in Armour
  3531 | D:5      | Reached skill level 5 in Fighting
  3589 | D:5      | Slain by an orc warrior

Vault maps used:
D:1:      lightli_iron_boxes
D:2:      lemuel_coloured_pillars_altar
D:3:      first_bread
D:4:      lemuel_crystal_altar, nicolae_overflow_hidden_temple,
          cheibriados_altar_1, minmay_unequal
D:5:      minmay_divided_ellipse

Action                   |  1- 3 |  4- 6 |  7- 9 || total
-------------------------+-------+-------+-------++-------
Melee: Hand axe          |   151 |    70 |       ||   221
       War axe           |       |    32 |    30 ||    62
Throw: Tomahawk          |       |     4 |       ||     4
  Use: Scroll            |     5 |     5 |       ||    10
  Eat: Bread ration      |     1 |     1 |       ||     2
